 Dungeon Crawl Stone Soup version 0.29-a0-648-g6b26cc9f40 (webtiles) character file.

Game seed: 3465990735182990285

458 happo123 the Gusty (level 7, -12/40 HPs)
             Began as a Tengu Air Elementalist on June 20, 2022.
             Killed from afar by Dowan (17 damage)
             ... with a stone arrow
             ... on level 4 of the Dungeon.
             The game lasted 00:26:11 (2742 turns).

happo123 the Gusty (Tengu Air Elementalist)         Turns: 2742, Time: 00:26:12

Health: -12/40     AC:  7    Str:  8    XL:     7   Next: 6%
Magic:  1/21       EV: 14    Int: 18    God:
Gold:   259        SH:  0    Dex: 14    Spells: 1/11 levels left

rFire   . . .      SeeInvis .   r - +7 staff of the Meek {protect, meekguard}
rCold   . . .      Faith    .   (shield currently unavailable)
rNeg    . . .      Spirit   .   v - +1 leather armour {rPois}
rPois   +          Reflect  .   (helmet restricted)
rElec   .          Harm     .   s - +0 cloak
rCorr   .          Rampage  .   m - +1 pair of gloves
Will    .....                   (boots unavailable)
Stlth   ++........              u - amulet of regeneration
HPRegen 0.93/turn               D - ring of magical power
MPRegen 0.17/turn               q - ring of wizardry

@: flying quickly and evasively, quick
A: beak, talons 3, nimble flight
a: no special abilities


You were on level 4 of the Dungeon.
You visited 1 branch of the dungeon, and saw 4 of its levels.

You collected 259 gold pieces.

Inventory:

Hand Weapons
 g - a +0 dagger
 h - a +4 short sword
 j - a +0 rapier of holy wrath
 r - the +7 staff of the Meek (weapon) {protect, meekguard}
   (You found it on level 2 of the Dungeon)

   It grants its wielder temporary protection when it strikes (+7 to AC).
   It provides extra protection to wielders with little health.
Missiles
 z - a throwing net
Armour
 a - a +0 robe
 m - a +1 pair of gloves (worn)
 s - a +0 cloak (worn)
 v - a +1 leather armour of poison resistance (worn)
Jewellery
 l - a +6 ring of dexterity
 q - a ring of wizardry (right hand)
 u - an amulet of regeneration (around neck)
 D - a ring of magical power (left hand)
Wands
 A - a wand of digging (8)
Scrolls
 d - 3 scrolls of silence {unknown}
 f - 5 scrolls of identify {unknown}
 k - a scroll of magic mapping {unknown}
 n - a scroll of summoning {unknown}
 t - a scroll of vulnerability {unknown}
 w - a scroll of poison {unknown}
 y - a scroll of noise {unknown}
 B - a scroll of fog {unknown}
 C - a scroll of fear {unknown}
Potions
 b - a potion of magic
 c - 3 potions of attraction {unknown}
 e - 2 potions of lignification {unknown}
 i - 2 potions of heal wounds {unknown}
 o - 4 potions of mutation {unknown}
 p - 2 potions of curing {unknown}
 x - a potion of haste {unknown}


   Skills:
 + Level 2.0 Fighting
 - Level 1.0 Short Blades
 + Level 1.9 Staves
 + Level 3.2 Dodging
 + Level 3.1 Stealth
 + Level 2.8 Spellcasting
 * Level 4.6 Conjurations
 * Level 5.9 Air Magic


You had one spell level left.
You knew the following spells:

 Your Spells              Type           Power      Damage    Failure   Level
a - Shock                 Conj/Air       84%        1d8       1%          1
b - Static Discharge      Conj/Air       21%        N/A       1%          2
c - Swiftness             Air            23%        N/A       2%          3
d - Airstrike             Air            11%        N/A       9%          4

Your spell library contained the following spells:

 Spells                   Type           Power      Damage    Failure   Level
 Dazzling Flash           Conj/Hex       20%        N/A       12%         3
 Silence                  Hex/Air        6%         N/A       58%         5
 Agony                    Necr           2%         N/A       92%         5


Dungeon Overview and Level Annotations

Branches:
Dungeon (4/15)
 Temple: D:4-7

Altars:

Shops:
D:4 :

Annotations:
D:3 3 runed translucent doors, zhov's ghost, amateur SpHu
D:4 Dowan


Innate Abilities, Weirdness & Mutations

You have a beak for a mouth.
You have claws for feet.
Your magical nature lets you fly swiftly and evasively.


Message History

The stone arrow hits you. The iguana closely misses you.
Aiming: Shock (safe; 1% risk of failure)
Press: ? - help, Q - select action, (/) - cycle Shift-Dir - straight line The zap hits the iguana.
The iguana is almost dead.
The zap misses the iguana.
You feel sick. The iguana closely misses you.
Dowan gestures wildly while chanting.
Dowan blinks!
Aiming: Shock (safe; 1% risk of failure)
Press: ? - help, Q - select action, (/) - cycle Shift-Dir - straight line The zap hits the iguana.
The iguana is almost dead.
The zap hits the iguana.
The iguana is almost dead.
You feel sick.
The iguana bites you but does no damage.
You closely miss the iguana. Your peck misses the iguana.
The iguana is almost dead.
You feel sick. The iguana closely misses you.
You barely miss the iguana. You claw the iguana, but do no damage.
The iguana is almost dead.
You feel sick.
You are no longer poisoned.
The iguana bites you!
* * * LOW HITPOINT WARNING * * *
The iguana misses you.
Okay, then.
Okay, then.
Casting: Shock (safe; 1% risk of failure)
Confirm with . or Enter, or press ? or * to list all spells.
The spell is quite dangerous to miscast (9% risk of failure)!
Continue anyway?
Aiming: Airstrike (quite dangerous; 9% risk of failure)
Press: ? - help, Dir - move target, f - Dowan
Aim: Dowan, wielding a +2 dagger of venom and wearing a +2 robe of cold resistance (moderately wounded, fast, empty space bonus: 4/8)
The air twists around and strikes Dowan!
Dowan is heavily wounded.
Dowan points at you and mumbles some strange words.
The stone arrow hits you!
You die...

#.###.#####.##...#.
#..... #.###.##.
##....######.###.##.
#..............#.##.
#.....#............. #
#..#.............###
##.###..#.#####.#.#.###
........#.# #.#.#.#
#..e@.# #...#.# #..##l#
#....(# #..##.# #.....#
#..##.. ...##########
....(....###hS.##....
##..#####. ≈... #####
#.e# .#≈.... ####
#≈..gl


You could see Dowan (fast) and an iguana.

Vanquished Creatures
  Eustachio (D:4)
  Duvessa (D:4)
  An orc priest (D:3)
  A gnoll shaman (D:4)
  An iguana (D:4)
  4 gnolls (D:4)
  3 adders
  A worm (D:2)
  2 dart slugs
  2 orcs (D:4)
  3 bats
  8 endoplasms
  4 giant cockroaches
  7 hobgoblins
  7 kobolds
  3 quokkas
  9 ball pythons
  2 frilled lizards (D:3)
  A goblin (D:1)
  6 rats
67 creatures vanquished.

Vanquished Creatures (others)
  A demonic plant (D:1)
1 creature vanquished.

Grand Total: 68 creatures vanquished

Notes
Turn   | Place    | Note
-------+----------+-------------------------------------------
     0 | D:1      | happo123 the Tengu Air Elementalist began the quest for the
                  | Orb.
     0 | D:1      | Reached XP level 1. HP: 10/10 MP: 4/4
   271 | D:1      | Reached XP level 2. HP: 10/15 MP: 3/6
   275 | D:1      | Learned a level 2 spell: Static Discharge
   470 | D:1      | Found a faded altar of an unknown god.
   470 | D:1      | Noticed a tormentor
   668 | D:1      | Reached XP level 3. HP: 18/20 MP: 4/7
   672 | D:1      | Learned a level 3 spell: Swiftness
  1259 | D:2      | Found the +7 staff of the Meek {protect, meekguard}
  1677 | D:3      | Reached XP level 4. HP: 24/24 MP: 6/8
  1999 | D:3      | Reached skill level 1 in Fighting
  2088 | D:3      | Found a runed translucent gate.
  2088 | D:3      | Found a runed translucent gate.
  2088 | D:3      | Found a runed translucent gate.
  2089 | D:3      | Noticed a kobold brigand
  2089 | D:3      | Noticed zhov's ghost (amateur SpHu)
  2377 | D:4      | Noticed Eustachio
  2392 | D:3      | Reached skill level 1 in Short Blades
  2392 | D:3      | Gained mutation: Your magical nature lets you fly swiftly
                  | and evasively. [Tengu growth]
  2392 | D:3      | Reached XP level 5. HP: 10/29 MP: 1/9
  2470 | D:4      | Killed Eustachio
  2471 | D:4      | Reached skill level 1 in Staves
  2471 | D:4      | Reached skill level 5 in Air Magic
  2471 | D:4      | Reached XP level 6. HP: 33/34 MP: 4/10
  2498 | D:4      | Learned a level 4 spell: Airstrike
  2701 | D:4      | Found Naikhlub's Book Shoppe.
  2719 | D:4      | Noticed Dowan
  2722 | D:4      | Noticed Duvessa
  2731 | D:4      | Killed Duvessa
  2732 | D:4      | Reached XP level 7. HP: 33/39 MP: 6/12
  2742 | D:4      | Killed from afar by Dowan

Illustrated notes

Levels and vault maps discovered:
D:1:      dpeg_arrival_rooms_with_view, layout_loops_cross,
          dreamdust_ecumenical_altar_sealed_demon, kennysheep_nondescript,
          corexii_leaking_fountain
D:2:      layout_loops_cross, minmay_3d_cube
D:3:      wad_crossroads, layout_loops_ring, gammafunk_ghost_nasty_kobolds
D:4:      layout_loops_ring, kennysheep_windowed_goal, uniq_duvessa,
          uniq_crazy_yiuf_cottage, uniq_blork_the_orc, uniq_eustachio

Skill      XL: |  1  2  3  4  5  6  7 |
---------------+----------------------+-----
Conjurations   | 2 3 4 |  4.6
Fighting       | 1 2 |  2.0
Short Blades   | 1 |  1.0
Staves         | 1 |  1.9
Air Magic      | 5 |  5.9
Dodging        | 3 |  3.2
Stealth        | 3 |  3.1
Spellcasting   | |  2.8

Action                   |  1- 3 |  4- 6 |  7- 9 || total
-------------------------+-------+-------+-------++-------
Melee: Unarmed           |     4 |       |       ||     4
       Peck              |     6 |     2 |     2 ||    10
       Kick              |     4 |     6 |     3 ||    13
       Short sword       |    16 |       |       ||    16
       Quarterstaff      |     5 |    33 |     7 ||    45
 Cast: Shock             |    37 |    23 |     3 ||    63
       Static Discharge  |     2 |    10 |       ||    12
       Airstrike         |       |       |     1 ||     1
 Stab: Sleeping          |     6 |     4 |       ||    10
Armor: Robe              |     9 |     1 |       ||    10
       Leather armour    |       |    23 |     6 ||    29
Dodge: Dodged            |    27 |    47 |    11 ||    85

Table legend: (Time is in decaauts)
 A = Elapsed time spent in this place.
 B = Non-inter-level travel time spent in this place.
 C = Inter-level travel time spent in this place.
 D = Time resting spent in this place.
 E = Time spent auto-exploring this place.
 F = Levels seen in this place.
 G = Mean time per level.
                   A        B        C        D        E       F      G
               +--------+--------+--------+--------+--------+-----+--------+
         Total |   2731 |   1756 |    975 |    105 |    921 |   4 |  682.8 |
       Dungeon |   2731 |   1756 |    975 |    105 |    921 |   4 |  682.8 |
               +--------+--------+--------+--------+--------+-----+--------+

Top non-repeatable levels by time:
     D:3: 902 daAuts
     D:1: 867 daAuts
     D:2: 688 daAuts
     D:4: 273 daAuts
